Arrhythmia, neutral female human Tourist ------ ---- --.--.--- --..| --- --- --|.......| |...| ---.|. ---- ---.| ---- --.|.......---..----...... -------..| --...-- --..---|...............| |........- |..||..[)| |.....| --- ---....|.|..[...-.......-| |.....)...| |..--.|.-- --...-- --.-- --...........?............---.....|...| |.....|.----- |.--- |...| |...--........)....^..|....|.....----.---- --..--|.....---.| ---.-- |.----......+.---$..-- -........-- -....| |..| ---.....?.-- |...---|>| |.........| --.^| --.........--..<...-- |..| |........| --.|%..||.|--........)---------..................@| |..| --.......| |..---.--.||....--...............................-- |..| --......--|...||....|--..-----.....-------------.|......---- |..| --.......|..-----..| ---- |....-- -----....| |..| --..---.|!-- |..| |-..(- |^...- |..-- ---- |...| ---- |..... ---.. |...| --..| |..... |...| ---- |..... ----- ---... ---. Arrhythmia the Excursionist Experience level: 6 Strength: 12 Dexterity: 12 Constitution: 18 Intelligence: 10 Wisdom: 7 Charisma: 16 Health: 52(52) Energy: 24(24) AC: 3 Gold: 589 Moves: 2299 Your Inventory: Coins $ - 589 gold pieces Weapons a - 18 uncursed +2 darts (in quiver) N - 10 [uncursed +0] darts T - a cursed [+0] broad pick [dwarvish mattock] (weapon in hands) Armor i - an uncursed +0 Hawaiian shirt (being worn) l - an [uncursed] +0 scale mail (being worn) n - an [uncursed] +0 iron skull cap [orcish helm] (being worn) P - an [uncursed] +0 hooded cloak [dwarvish] (being worn) R - a [blessed] +0 pair of hard shoes [iron] (being worn) Comestibles c - 4 uncursed tripe rations d - 5 uncursed food rations e - 2 uncursed Hot Futa Mare Dicks Scrolls h - 4 uncursed scrolls of magic mapping w - an [uncursed] scroll labeled ASHPD [of destroy armor] Potions g - 3 uncursed potions of extra healing Rings A - an [uncursed] coral ring [of fire resistance] I - an [uncursed] obsidian ring [of invisibility] Wands v - an [uncursed] glass wand [of undead turning (0:7)] M - an [uncursed] platinum wand [of teleportation (0:5)] Tools j - an uncursed expensive camera (0:92) k - an uncursed credit card D - an [uncursed] towel F - an [uncursed] key [skeleton key] V - 2 [uncursed tallow] candles Gems m - 2 [uncursed] red gems [worthless glass] x - 2 [uncursed] orange gems [worthless glass] H - an [uncursed] red gem [jasper] Q - 2 [uncursed] violet gems [amethyst] Spells known in the end: Name Level Category Fail Memory Your skills at the end: Fighting Skills Weapon Skills dart [Basic / Expert] Spellcasting Skills Final Attributes: You had sinned. Hunger level was 853. Your alignment was -6 / 21. Monster difficulty range was 0 - 5. Level difficulty was 5. You were hallucinating. You were unlucky (-1). You survived. Vanquished creatures: a housecat a gnome lord a kobold mummy a black naga hatchling a gray ooze a kitten 3 dwarves a homunculus a rabid rat a monkey a werejackal 2 iguanas an acid blob a gas spore 2 hobbits 3 manes a hobgoblin 2 giant rats a yellow mold 15 gnomes 4 garter snakes 2 gnome zombies 3 geckos 9 jackals a fox a kobold 2 goblins a sewer rat 3 grid bugs 3 lichens a kobold zombie 3 newts and a partridge in a pear tree 74 creatures vanquished. Voluntary challenges: You were an atheist. You used a wielded weapon 7 times. You read items or engraved 14 times. You put on armor 7 times. You never genocided any monsters. You never polymorphed an object. You never changed form. You used no wishes. You wrote Elbereth's name 9 times. You never encountered a bones level. You never used any Sokoban shortcuts. Dungeon overview: The Dungeons of Doom: levels 1 to 4 Level 1 some fountains a long staircase Level 2 a scroll shop, some fountains Level 4 a potion shop, a fountain stairs to The Gnomish Mines The Gnomish Mines: Level 5 <- You were here stairs to The Dungeons of Doom History has recorded: On T:1 you entered the Dungeons of Doom to retrieve the Amulet of Yendor! On T:342 you reached level 2 of The Dungeons of Doom. On T:346 you advanced to experience level 2. On T:595 you advanced to experience level 3. On T:811 you reached level 3 of The Dungeons of Doom. On T:938 you advanced to experience level 4. On T:1287 you reached level 4 of The Dungeons of Doom. On T:1529 you advanced to experience level 5. On T:1641 you reached level 1 of The Gnomish Mines. On T:1754 you advanced to experience level 6. Latest messages: The three-headed monkey is killed! [HP-3=49] The vrock toots! You hit the Mordor orc. [HP+1=50] You miss the hairnet devil. [HP+1=51] The large cat bellows! You hit the nightmare. Hit points restored. [HP+1=52] The lounge worm falls into a pit! The storm giant toots! You hit the flying pig! The first category perpetual motion device honks! You hit the kobold lord! You miss the wood golem. You miss the fire elemental. The elf zombie eeps! You kill poor lemure! You hear the studio audience applaud! Final status: Aloha Arrhythmia the Tourist... You quit in The Gnomish Mines on dungeon level 5 with 1924 points, and 589 pieces of gold, after 2299 moves. You were level 6 with a maximum of 52 hit points when you quit.